 Dungeon Crawl Stone Soup version 0.27.1-1-g398f81649c (webtiles) character file.

Game seed: 17701603317435830965

5 pokedragonboy the Shield-Bearer (level 1, -4/18 HPs)
             Began as a Formicid Fighter on Sept 11, 2021.
             Slain by a gnoll (6 damage)
             ... on level 1 of the Dungeon.
             The game lasted 00:01:02 (150 turns).

pokedragonboy the Shield-Bearer (Formicid Fighter)   Turns: 150, Time: 00:01:03

Health: -4/18      AC:  6    Str: 20    XL:     1   Next: 88%
Magic:  1/1        EV:  7    Int:  7    God:
Gold:   4          SH:  9    Dex: 10    Spells: 0/0 levels left

rFire    . . .     SeeInvis +   a - +0 war axe
rCold    . . .     Faith    .   c - +0 kite shield
rNeg     . . .     Spirit   .   b - +0 scale mail
rPois    .         Reflect  .   (helmet unavailable)
rElec    .         Harm     .   (no cloak)
rCorr    .         Rampage  .   (no gloves)
Will     .....                  (no boots)
Stlth    ..........             (no amulet)
HPRegen  0.06/turn              (no ring)
MPRegen  0.07/turn              (no ring)

@: no status effects
A: permanent stasis, dig shafts and tunnels, antennae 3, four strong arms
a: Dig, Shaft Self


You were on level 1 of the Dungeon.
You visited 1 branch of the dungeon, and saw 1 of its levels.

You collected 4 gold pieces.

Inventory:

Hand Weapons
 a - a +0 war axe (weapon)
Armour
 b - a +0 scale mail (worn)
 c - a +0 kite shield (worn)
Potions
 d - a potion of might
 e - a potion of heal wounds {unknown}


   Skills:
 + Level 3.3 Fighting
 * Level 2.2 Axes
 + Level 3.3 Armour
 + Level 3.7 Shields


You couldn't memorise any spells.
You didn't know any spells.
Your spell library contained the following spells:

 Spells                   Type           Power      Damage    Failure   Level
 Animate Armour           Summ/Erth      0%         N/A       100%        4
 Blade Hands              Tmut           0%         N/A       100%        5
 Iron Shot                Conj/Erth      0%         9d1       100%        6


Dungeon Overview and Level Annotations

Branches:
Dungeon (1/15)

Altars:

Shops:
D:1 *


Innate Abilities, Weirdness & Mutations

You cannot be hasted, slowed, berserked, paralysed or teleported.
You can dig through walls and to a lower floor.
You have a pair of large antennae on your head. (SInv)
Your four strong arms can wield two-handed weapons with a shield.


Message History

You hit the rat.
The rat is severely wounded.
The rat barely misses you.
You hit the rat but do no damage.
The rat is severely wounded.
You block the rat's attack. x2
You slash the rat!
You kill the rat!
No target in view!
You now have 4 gold pieces.
You sense a monster nearby.
You sense a monster nearby.
No target in view!
No target in view!
A goblin and a gnoll come into view.
The gnoll shouts!
The goblin shouts!
You hit the gnoll but do no damage. The gnoll hits you but does no damage.
You barely miss the gnoll. The gnoll hits you with a +0 club.
You block the gnoll's attack.
You extend your mandibles.
You dig through the rock wall.
You dig through the rock wall.
You retract your mandibles.
You closely miss the gnoll. You block the gnoll's attack. x2
You closely miss the gnoll. The gnoll hits you with a +0 club.
You block the gnoll's attack.
You hit the gnoll but do no damage. You block the gnoll's attack.
You slash the gnoll!
The gnoll is severely wounded.
The gnoll hits you with a +0 club.
* * * LOW HITPOINT WARNING * * *
You block the gnoll's attack.
You closely miss the gnoll.
The gnoll is severely wounded.
The gnoll hits you with a +0 club.
* * * LOW HITPOINT WARNING * * *
You barely miss the gnoll.
The gnoll is severely wounded.
The gnoll hits you with a +0 club.
You die...

#### .... ..... #####
..... #...# ......
#...# ......####...##
........##...g## ###
#......#@# #.#
.......###...### ##.#
######. #.....##
########..# ..
#...#..## ##.....#....
..#
#...##..###...........
...
.....###.##.∩..........
.... ##.####
#............... #.#..
#. ####............ #.
#............


You could see a gnoll.

Vanquished Creatures
  A dart slug (D:1)
  An endoplasm (D:1)
  A frilled lizard (D:1)
  A rat (D:1)
4 creatures vanquished.

Notes
Turn   | Place    | Note
-------+----------+-------------------------------------------
     0 | D:1      | pokedragonboy the Formicid Fighter began the quest for the
                  | Orb.
     0 | D:1      | Reached XP level 1. HP: 18/18 MP: 1/1
    29 | D:1      | Found Leilapa's Assorted Antiques.
   150 | D:1      | Slain by a gnoll

Illustrated notes

Levels and vault maps discovered:
D:1:      minmay_arrival_checkered_box, layout_rooms,
          shapermc_ecumenical_altar_gd, serial_shops, shop,
          minmay_stone_trees_small, minmay_ruptured

Action                   || total
-------------------------++-------
Melee: War axe           ||    18
 Abil: Dig               ||     1
Armor: Scale mail        ||     4
Dodge: Dodged            ||     2
Block: Kite shield       ||    11
